 Dungeon Crawl Stone Soup version 0.26-a0-597-gb535b0901c (webtiles) character file.

Game seed: 8800705884892785759

35 Alarkh the Insei (level 3, -2/29 HPs)
             Began as a Demonspawn Monk on Sept 3, 2020.
             Slain by a bullfrog (9 damage)
             ... on level 3 of the Dungeon.
             The game lasted 00:01:19 (1460 turns).

Alarkh the Insei (Demonspawn Monk)                  Turns: 1460, Time: 00:01:19

Health: -2/29      AC:  3    Str: 11    XL:     3   Next: 16%
Magic:  3/3        EV: 13    Int: 12    God:
Gold:   94         SH:  0    Dex: 15    Spells: 2/2 levels left

rFire    + . .     SeeInvis .     - Unarmed
rCold    + . .     Faith    .   (no shield)
rNeg     . . .     Spirit   .   a - +0 robe
rPois    .         Reflect  .   e - +0 helmet
rElec    .         Harm     .   i - scarf {rC+ rF+}
rCorr    .                      (no gloves)
MR       .....                  (no boots)
Stlth    ++........             (no amulet)
HPRegen  0.09/turn              (no ring)
MPRegen  0.08/turn              (no ring)

@: flying
A: spiny 1
a: no special abilities


You were on level 3 of the Dungeon.
You visited 1 branch of the dungeon, and saw 3 of its levels.

You collected 94 gold pieces.

Inventory:

Armour
 a - a +0 robe (worn)
 e - a +0 helmet (worn)
 i - a scarf of resistance (worn)
Scrolls
 b - 3 scrolls of identify {unknown}
 c - a scroll of amnesia {unknown}
 d - a scroll of remove curse {unknown}
 f - a scroll of random uselessness {unknown}
 j - a scroll of noise {unknown}
 m - a scroll of teleportation {unknown}
Potions
 g - a potion of invisibility {unknown}
 h - a potion of flight
 k - a potion of haste {unknown}
 l - a potion of lignification {unknown}
 n - a potion of brilliance {unknown}
 o - a potion of heal wounds {unknown}
 p - a potion of curing {unknown}


   Skills:
 + Level 3.4 Fighting
 - Level 2.6 Dodging
 - Level 1.7 Stealth
 * Level 3.6 Unarmed Combat


You had 2 spell levels left.
You didn't know any spells.
Your spell library was empty.

Dungeon Overview and Level Annotations

Branches:
Dungeon (3/15)

Altars:
Kikubaaqudgha


Innate Abilities, Weirdness & Mutations

You are partially covered in sharp spines.


Message History

* * * LOW HITPOINT WARNING * * *
You are too injured to fight recklessly!
You are too injured to fight recklessly!
You are too injured to fight recklessly!
You are too injured to fight recklessly!
You are too injured to fight recklessly!
You are too injured to fight recklessly!
You are too injured to fight recklessly!
You are too injured to fight recklessly!
You are too injured to fight recklessly!
You are too injured to fight recklessly!
You are too injured to fight recklessly!
You are too injured to fight recklessly!
You are too injured to fight recklessly!
You are too injured to fight recklessly!
You are too injured to fight recklessly!
It was a potion of flight.
You feel very buoyant.
You fly up into the air.
The bullfrog hits you!
You die...

###..#..(........#
#......#...##....##
#.#..###...##.....#
#.#......>.#.......
#.##.......##.....#
#.########.......##
#.# ########.##.
#.### #........##.
#.@.# #...........
###F# #........##.
.# #.....)..##. .#
#.......#..# .#
#.......#.## .#
#.......#.^# .#
##########.. .# #.#
#.#


You could see a bullfrog.

Vanquished Creatures
  2 dart slugs (D:1)
  A leopard gecko (D:3)
  An orc (D:3)
  2 giant cockroaches (D:1)
  2 goblins (D:1)
  3 hobgoblins
  A ball python (D:2)
  4 bats
  A frilled lizard (D:3)
  7 kobolds
  4 rats (D:1)
28 creatures vanquished.

Notes
Turn   | Place    | Note
-------+----------+-------------------------------------------
     0 | D:1      | Alarkh the Demonspawn Monk began the quest for the Orb.
     0 | D:1      | Reached XP level 1. HP: 18/18 MP: 1/1
   204 | D:1      | Gained mutation: You are partially covered in sharp spines.
                  | [demonic ancestry]
   204 | D:1      | Reached XP level 2. HP: 22/24 MP: 2/2
   367 | D:1      | You fall into a shaft and drop 1 floor!
   376 | D:2      | Found an ancient bone altar of Kikubaaqudgha.
  1209 | D:1      | Reached XP level 3. HP: 21/29 MP: 3/3
  1455 | D:3      | Noticed a bullfrog
  1460 | D:3      | Slain by a bullfrog

Illustrated notes

Levels and vault maps discovered:
D:1:      dpeg_arrival_snail, layout_basic
D:2:      layout_loops_corners, old_standard_altar
D:3:      layout_loops_cross, lemuel_doored_altar

Skill      XL: |  1 |
---------------+----+-----
Unarmed Combat | 3 |  3.6
Fighting       | |  3.4
Dodging        | |  2.6
Stealth        | |  1.7

Action                   || total
-------------------------++-------
Melee: Unarmed           ||    85
       Punch             ||     1
  Use: Potion            ||     1
 Stab: Sleeping          ||     3
Armor: Robe              ||    14
Dodge: Dodged            ||    50

Table legend: (Time is in decaauts)
 A = Elapsed time spent in this place.
 B = Non-inter-level travel time spent in this place.
 C = Inter-level travel time spent in this place.
 D = Time resting spent in this place.
 E = Time spent auto-exploring this place.
 F = Levels seen in this place.
 G = Mean time per level.
                   A        B        C        D        E       F      G
               +--------+--------+--------+--------+--------+-----+--------+
         Total |   1455 |   1386 |     69 |      0 |   1175 |   3 |  485.0 |
       Dungeon |   1455 |   1386 |     69 |      0 |   1175 |   3 |  485.0 |
               +--------+--------+--------+--------+--------+-----+--------+

Top non-repeatable levels by time:
     D:2: 830 daAuts
     D:1: 558 daAuts
     D:3: 65 daAuts
